 Dungeon Crawl Stone Soup version 0.23-b1-3-gdda8187c6f (webtiles) character file.

Game seed: 4954372996794829485

69 LostNumber the Grasshopper (level 4, -3/38 HPs)
             Began as a Gnoll Warper on Jan 31, 2019.
             Slain by an orc
             ... wielding a +1 flail of holy wrath
              (11 damage)
             ... on level 2 of the Dungeon.
             The game lasted 00:01:42 (1122 turns).

LostNumber the Grasshopper (Gnoll Warper)           Turns: 1122, Time: 00:01:43

Health: -3/38      AC:  5    Str: 15    XL:     4   Next: 20%
Magic:  11/11      EV: 13    Int: 15    God:
Gold:   60         SH:  0    Dex: 14    Spells: 9/13 levels left

rFire    . . .     SeeInvis .   o - +0 war axe
rCold    . . .     Gourm    .   (no shield)
rNeg     . . .     Faith    .   n - +0 ring mail
rPois    .         Spirit   .   (no helmet)
rElec    .         Reflect  .   (no cloak)
rCorr    .         Harm     .   (no gloves)
MR       .....                  (no boots)
Stlth    +.........             (no amulet)
HPRegen  0.12/turn              (no ring)
MPRegen  0.12/turn              (no ring)

@: no status effects
A: distributed training, fangs 1, strong nose
a: no special abilities


You were on level 2 of the Dungeon.
You were hungry.

You visited 1 branch of the dungeon, and saw 2 of its levels.

You collected 60 gold pieces.

Inventory:

Hand Weapons
 a - a +0 hand axe
 o - a +0 war axe (weapon)
Missiles
 e - 5 tomahawks of dispersal (quivered)
Armour
 b - a +0 leather armour
 n - a +0 ring mail (worn)
Scrolls
 d - a scroll of blinking
 g - a scroll of magic mapping {unknown}
 k - 2 scrolls of remove curse {unknown}
 l - a scroll of teleportation {unknown}
 m - a scroll of identify {unknown}
Potions
 c - a potion of heal wounds {unknown}
 h - a potion of brilliance {unknown}
 i - a potion of magic {unknown}
 j - a potion of curing {unknown}
Comestibles
 f - 2 rations


   Skills:
 + Level 4.6 Fighting
 + Level 1.0 Short Blades
 + Level 1.0 Long Blades
 + Level 4.6 Axes
 + Level 1.0 Maces & Flails
 + Level 1.0 Polearms
 + Level 1.0 Staves
 + Level 1.0 Slings
 + Level 1.0 Bows
 + Level 1.0 Crossbows
 + Level 2.7 Throwing
 + Level 2.7 Armour
 + Level 4.6 Dodging
 + Level 1.0 Stealth
 + Level 1.0 Shields
 + Level 1.0 Unarmed Combat
 + Level 5.0 Spellcasting
 + Level 0.8 Conjurations
 + Level 0.8 Hexes
 + Level 0.8 Charms
 + Level 0.8 Summonings
 + Level 0.8 Necromancy
 + Level 5.4 Translocations
 + Level 0.8 Transmutations
 + Level 0.8 Fire Magic
 + Level 0.8 Ice Magic
 + Level 0.8 Air Magic
 + Level 0.8 Earth Magic
 + Level 0.8 Poison Magic
 + Level 1.1 Invocations
 + Level 1.0 Evocations


You had 9 spell levels left.
You knew the following spells:

 Your Spells              Type           Power        Failure   Level  Hunger
a - Blink                 Tloc           N/A          4%          2    ##.....
b - Shroud of Golubria    Chrm/Tloc      ##........   13%         2    ##.....

Your spell library contained the following spells:

 Spells                   Type           Power        Failure   Level  Hunger
 Gell's Gravitas          Tloc           ###.......   10%         3    ###....
 Lesser Beckoning         Tloc           ###.......   10%         3    ###....
 Teleport Other           Tloc           ###.....     10%         3    ###....
 Passage of Golubria      Tloc           N/A          32%         4    ####...


Dungeon Overview and Level Annotations

Branches:
Dungeon (2/15)

Altars:


Innate Abilities, Weirdness & Mutations

Your experience applies equally to all skills.
You have very sharp teeth.
Your uncanny sense of smell can sniff out nearby items.


Message History

The orc priest is lightly wounded.
You slash the orc!
The orc priest mumbles some strange prayers to Beogh against you.
Beogh smites you!
* * * LOW HITPOINT WARNING * * *
The orc barely misses you.
The orc priest calls upon Beogh to heal the orc.
The orc is healed somewhat.
Unknown command.
Your ring mail prevents you from hitting the orc priest.
The orc priest is lightly wounded.
You slash the orc!
You kill the orc!
The orc priest barely misses you.
Unknown command.
You barely miss the orc priest.
The orc priest is lightly wounded.
You hit the orc.
The orc hits you with a +1 flail of holy wrath!
You die...

######### #.......#
#.#####.# #.# #.#
######## #.# #.#
#......# #)# #.#
###o####.#####.## #.#
###.........÷..oo.#
#.#
....#.####.#####@(#
#.#
##.......#.######.#
#.# ##.#..........# .#
#.# #.###..#.###)##.#
#.# #.# #...........#
#.# #.#
#..#.###(#######.# #.#
#............†...#
#.###........#########
#......#.###(#


You could see an orc priest and an orc.

Vanquished Creatures
  2 adders (D:2)
  2 dart slugs (D:1)
  A leopard gecko (D:1)
  5 orcs
  2 giant cockroaches (D:1)
  4 goblins
  5 hobgoblins
  4 jackals (D:1)
  3 bats
  A frilled lizard (D:1)
  6 kobolds (D:1)
  3 rats (D:1)
38 creatures vanquished.

Notes
Turn   | Place    | Note
-------+----------+-------------------------------------------
     0 | D:1      | LostNumber the Gnoll Warper began the quest for the Orb.
     0 | D:1      | Reached XP level 1. HP: 20/20 MP: 6/6
   115 | D:1      | Reached XP level 2. HP: 24/26 MP: 7/7
   119 | D:1      | Learned a level 2 spell: Blink
   122 | D:1      | Learned a level 2 spell: Shroud of Golubria
   365 | D:1      | Reached XP level 3. HP: 31/31 MP: 9/9
   391 | D:1      | Reached skill level 5 in Spellcasting
   830 | D:2      | Reached skill level 1 in Invocations
   838 | D:2      | Reached skill level 1 in Short Blades
   838 | D:2      | Reached skill level 1 in Long Blades
   838 | D:2      | Reached skill level 1 in Maces & Flails
   838 | D:2      | Reached skill level 1 in Polearms
   838 | D:2      | Reached skill level 1 in Staves
   838 | D:2      | Reached skill level 1 in Slings
   838 | D:2      | Reached skill level 1 in Bows
   838 | D:2      | Reached skill level 1 in Crossbows
   838 | D:2      | Reached skill level 1 in Stealth
   838 | D:2      | Reached skill level 1 in Shields
   838 | D:2      | Reached skill level 1 in Unarmed Combat
   838 | D:2      | Reached skill level 1 in Evocations
   838 | D:2      | Reached XP level 4. HP: 34/38 MP: 11/11
  1122 | D:2      | Slain by an orc

Skill      XL: |  1  2  3 |
---------------+----------+-----
Spellcasting   | 5 |  5.0
Invocations    | 1 |  1.1
Short Blades   | 1 |  1.0
Long Blades    | 1 |  1.0
Maces & Flails | 1 |  1.0
Polearms       | 1 |  1.0
Staves         | 1 |  1.0
Slings         | 1 |  1.0
Bows           | 1 |  1.0
Crossbows      | 1 |  1.0
Stealth        | 1 |  1.0
Shields        | 1 |  1.0
Unarmed Combat | 1 |  1.0
Evocations     | 1 |  1.0
Fighting       | |  4.6
Axes           | |  4.6
Throwing       | |  2.7
Armour         | |  2.7
Dodging        | |  4.6
Conjurations   | |  0.8
Hexes          | |  0.8
Charms         | |  0.8
Summonings     | |  0.8
Necromancy     | |  0.8
Translocations | |  5.4
Transmutations | |  0.8
Fire Magic     | |  0.8
Ice Magic      | |  0.8
Air Magic      | |  0.8
Earth Magic    | |  0.8
Poison Magic   | |  0.8

Action                   |  1- 3 |  4- 6 || total
-------------------------+-------+-------++-------
Melee: Hand axe          |    83 |       ||    83
       Bite              |     5 |     6 ||    11
       War axe           |    10 |    22 ||    32
       Punch             |     1 |       ||     1
 Stab: Sleeping          |     2 |       ||     2
Armor: Leather armour    |    18 |       ||    18
       Ring mail         |     4 |     5 ||     9
Dodge: Dodged            |    76 |    16 ||    92
